 Dungeon Crawl Stone Soup version 0.23.2-1-ga50397a (webtiles) character file.

Game seed: 7865612982100827253

872 Kahsius the Insei (level 8, 0/70 HPs)
             Began as a Hill Orc Monk on May 3, 2019.
             Was a Priest of Nemelex Xobeh.
             Slain by a wyvern zombie (4 damage)
             ... on level 6 of the Dungeon.
             The game lasted 00:10:51 (4897 turns).

Kahsius the Insei (Hill Orc Monk)                   Turns: 4897, Time: 00:10:52

Health: 0/70       AC:  5    Str: 14    XL:     8   Next: 4%
Magic:  8/8        EV: 14    Int: 10    God:    Nemelex Xobeh [***...]
Gold:   239        SH:  0    Dex: 18    Spells: 7/7 levels left

rFire    . . .     SeeInvis .     - Unarmed
rCold    + . .     Gourm    .   (no shield)
rNeg     . . .     Faith    .   w - +0 leather armour of Claustrophobia {rElec rC+ Dex+3}
rPois    .         Spirit   .   c - +1 helmet
rElec    +         Reflect  .   (no cloak)
rCorr    .         Harm     .   (no gloves)
MR       .....                  (no boots)
Stlth    +.........             (no amulet)
HPRegen  0.21/turn              (no ring)
MPRegen  0.11/turn              (no ring)

@: confused, lethally poisoned (0 -> 0)
A: no striking features
a: Draw Escape, Draw Destruction, Draw Summoning, Triple Draw, Renounce Religion


You were on level 6 of the Dungeon.
You worshipped Nemelex Xobeh.
Nemelex Xobeh was most pleased with you.
You were not hungry.

You visited 1 branch of the dungeon, and saw 6 of its levels.

You collected 239 gold pieces.

Inventory:

Armour
 a - a +0 robe
 c - a +1 helmet (worn)
 w - the +0 leather armour of Claustrophobia (worn) {rElec rC+ Dex+3}
   (You found it on level 5 of the Dungeon)

   It affects your dexterity (+3).
   It protects you from cold.
   It insulates you from electricity.
Jewellery
 n - an uncursed amulet of the acrobat {unknown}
 o - an uncursed ring of protection from cold {unknown}
Wands
 d - a wand of clouds (7)
 m - a wand of polymorph (11)
 t - a wand of random effects (8)
 u - a wand of enslavement (3)
Scrolls
 f - 2 scrolls of magic mapping {unknown}
 g - 2 scrolls of teleportation {unknown}
 h - a scroll of noise {unknown}
 l - 4 scrolls of identify
 q - a scroll of random uselessness {unknown}
 r - a scroll of enchant armour {unknown}
Potions
 e - 2 potions of flight {unknown}
 i - a potion of cancellation {unknown}
 j - 2 potions of haste {unknown}
 k - a potion of agility {unknown}
 p - 3 potions of curing {unknown}
 s - a potion of berserk rage {unknown}
 v - a potion of ambrosia {unknown}
 x - 2 potions of lignification {unknown}
Comestibles
 b - 7 rations


   Skills:
 + Level 5.9 Fighting
 + Level 4.0 Dodging
 + Level 3.8 Stealth
 * Level 6.9 Unarmed Combat


You had 7 spell levels left.
You didn't know any spells.
Your spell library contained the following spells:

 Spells                   Type           Power        Failure   Level  Hunger
 Magic Dart               Conj           #...         43%         1    ##.....
 Blink                    Tloc           N/A          58%         2    ###....
 Call Imp                 Summ           #.......     58%         2    ###....
 Slow                     Hex            #.......     58%         2    ###....
 Conjure Flame            Conj/Fire      #.......     82%         3    ####...
 Mephitic Cloud           Conj/Pois/Air  #.......     82%         3    ####...


Dungeon Overview and Level Annotations

Branches:
Dungeon (6/15)
 Temple: D:4-7

Altars:
Cheibriados
Elyvilon
Gozag
Kikubaaqudgha
Nemelex Xobeh
Okawaru
Sif Muna
Xom

Annotations:
D:5 1 runed translucent door, bananaglory's ghost, novice MfSk


Message History

You bump into the rock wall.
You are engulfed in noxious fumes.
* * * LOW HITPOINT WARNING * * *
The wyvern zombie bites you but does no damage.
The bullfrog is engulfed in noxious fumes.
The bullfrog appears confused.
The bullfrog hits the wyvern zombie.
The swamp drake misses you. The wyvern zombie barely misses you.
You're too confused to move!
You are engulfed in noxious fumes.
You choke on the stench!
You are more confused.
* * * LOW HITPOINT WARNING * * *
The bullfrog is engulfed in noxious fumes.
The bullfrog appears confused.
The bullfrog misses the adder.
The adder is engulfed in noxious fumes.
The adder appears confused.
The adder bites the wyvern zombie.
The adder bites itself.
The swamp drake misses you. The wyvern zombie misses you.
The bullfrog is engulfed in noxious fumes.
The bullfrog hits the wyvern zombie but does no damage.
You bump into the rock wall.
You feel sick. The wyvern zombie bites you.
You die...
Your body glows slightly and disappears.

#...............# .
#...#...........# ..
##[..............#
...####....##.#.########
.b.........##†#.#
..............†÷#
o?>.........##S.############
.....?....)).(FZk#..<<.....#
...........#####@..........#
..._...#...# ###.........#
#.[...##...# #.........#
###[.. #...# #[........#
#### ##### ###########


You could see a swamp drake, a bullfrog (confused), an adder (confused) and a
wyvern zombie.

Vanquished Creatures
  A steam dragon (D:5)
  A phantom (D:6)
  A tengu (D:5)
  2 scorpions (D:4)
  A howler monkey (D:6)
  A hound (D:5)
  An orc priest (D:4)
  An orc wizard (D:4)
  A bullfrog skeleton (D:4)
  Terence (D:1)
  3 worker ants
  An iguana (D:4)
  Robin (D:3)
  A worker ant zombie (D:6)
  7 adders
  A shadow imp (D:6)
  2 oozes (D:1)
  A worm (D:5)
  A dart slug (D:3)
  3 leopard geckos
  7 orcs
  6 giant cockroaches
  15 goblins
  7 hobgoblins
  10 jackals
  A ball python (D:4)
  3 bats
  4 frilled lizards
  3 kobolds
  2 rats
90 creatures vanquished.

Vanquished Creatures (others)
  A quokka (D:6)
1 creature vanquished.

Grand Total: 91 creatures vanquished

Notes
Turn   | Place    | Note
-------+----------+-------------------------------------------
     0 | D:1      | Kahsius the Hill Orc Monk began the quest for the Orb.
     0 | D:1      | Reached XP level 1. HP: 19/19 MP: 1/1
    50 | D:1      | Reached XP level 2. HP: 25/27 MP: 2/2
   498 | D:1      | Reached XP level 3. HP: 32/33 MP: 3/3
   689 | D:2      | Noticed Terence
   713 | D:1      | Killed Terence
   713 | D:1      | Reached skill level 4 in Unarmed Combat
   713 | D:1      | Reached XP level 4. HP: 9/40 MP: 4/4
  1640 | D:3      | Noticed Robin
  1987 | D:3      | Killed Robin
  1987 | D:3      | Reached XP level 5. HP: 28/47 MP: 5/5
  2266 | D:3      | Found a sparkling altar of Nemelex Xobeh.
  2273 | D:3      | Became a worshipper of Nemelex Xobeh the Trickster
  2273 | D:3      | Received a gift from Nemelex Xobeh
  2273 | D:3      | Reached * piety under Nemelex Xobeh
  2273 | D:3      | Received a gift from Nemelex Xobeh
  2273 | D:3      | Reached ** piety under Nemelex Xobeh
  2397 | D:3      | Found a white marble altar of Elyvilon.
  2403 | D:3      | Found a snail-covered altar of Cheibriados.
  2403 | D:3      | Found an ancient bone altar of Kikubaaqudgha.
  2421 | D:3      | Found an opulent altar of Gozag.
  2425 | D:3      | Found a deep blue altar of Sif Muna.
  2702 | D:3      | Received a gift from Nemelex Xobeh
  2915 | D:4      | Reached skill level 5 in Unarmed Combat
  2950 | D:4      | Reached XP level 6. HP: 41/53 MP: 6/6
  3178 | D:4      | Received a gift from Nemelex Xobeh
  3201 | D:4      | Found an iron altar of Okawaru.
  3213 | D:4      | Reached skill level 5 in Fighting
  3415 | D:4      | Reached *** piety under Nemelex Xobeh
  3956 | D:5      | Entered Level 5 of the Dungeon
  4025 | D:5      | Reached XP level 7. HP: 61/61 MP: 7/7
  4049 | D:5      | Noticed a steam dragon
  4049 | D:5      | an ice beast changed into a steam dragon
  4051 | D:5      | Killed a steam dragon
  4051 | D:5      | Reached skill level 6 in Unarmed Combat
  4315 | D:5      | Found a runed translucent door.
  4315 | D:5      | Noticed bananaglory's ghost (novice MfSk)
  4398 | D:5      | Got a transparent leather armour
  4399 | D:5      | Identified the +0 leather armour of Claustrophobia {rElec
                  | rC+ Dex+3} (You found it on level 5 of the Dungeon)
  4450 | D:5      | Found a snail-covered altar of Cheibriados.
  4660 | D:6      | Received a gift from Nemelex Xobeh
  4847 | D:6      | Found a shimmering altar of Xom.
  4866 | D:6      | Reached XP level 8. HP: 65/70 MP: 8/8
  4897 | D:6      | Slain by a wyvern zombie

Skill      XL: |  1  2  3  4  5  6  7 |
---------------+----------------------+-----
Stealth        | 2 3 |  3.8
Fighting       | 4 5 |  5.9
Unarmed Combat | 4 5 6 |  6.9
Dodging        | 3 4 |  4.0

Action                   |  1- 3 |  4- 6 |  7- 9 || total
-------------------------+-------+-------+-------++-------
Melee: Unarmed           |    81 |   222 |    83 ||   386
       Punch             |       |     4 |     6 ||    10
 Abil: Draw Destruction  |       |     2 |     4 ||     6
  Use: Scroll            |       |       |     1 ||     1
 Stab: Sleeping          |     6 |     7 |       ||    13
  Eat: Chunk             |       |    10 |     3 ||    13
Armor: Robe              |     2 |    58 |     3 ||    63
       Leather armour    |    11 |       |    14 ||    25
Dodge: Dodged            |    37 |   147 |    49 ||   233
